 Dungeon Crawl Stone Soup version bcrawl-1.41.1 (webtiles) character file.

Game seed: 12987030211504656187

374079 Grimmash the Chopper (level 10, -9/59 HPs)
             Began as a Jungle Stalker Archaeologist on Apr 20, 2024.
             Was a High Priest of Cheibriados.
             Mangled by a cane toad (13 damage)
             ... on level 1 of the Lair of Beasts.
             The game lasted 00:11:28 (7280 turns).

Grimmash the Chopper (Jungle Stalker Archaeologist) Turns: 7280, Time: 00:11:29

Health: -9/59      AC: 16    Str: 26    XL:     10   Next: 84%
Magic:  18/18      EV: 13    Int: 29    God:    Cheibriados [*****.]
Gold:   1025       SH:  2    Dex: 25    Spells: 18/18 levels left

rFire    + . .     GDR:     38% a - +9 sword of Zonguldrok {reap}
rCold    + + +     SeeInvis .   (no shield)
rNeg     . . .     Gourm    .   I - +1 plate armour of Objectivity {*Corrode rC+++ Slay+4}
rPois    +         Faith    .   r - +0 helmet
rElec    .         Spirit   .   p - +1 cloak
rCorr    .         Reflect  .   c - +0 pair of gloves
MR       +....     Clarity  +   k - +1 pair of boots
Stlth    ..........             (no amulet)
HPRegen  0.59/turn              q - ring of protection from fire
MPRegen  0.16/turn              (no ring)

@: lethally poisoned (-9 -> -11), corroded, very slow
A: fangs 3, poison resistance, regeneration 1, acidic bite, no potion heal 3,
rot immunity, strong jaws
a: Bend Time, Defer, Temporal Distortion, Step From Time, Renounce Religion


You were on level 1 of the Lair of Beasts.
You worshipped Cheibriados.
Cheibriados was extremely pleased with you.
You were hungry.

You visited 2 branches of the dungeon, and saw 9 of its levels.
You also visited: Ossuary.

You collected 2131 gold pieces.
You spent 1106 gold pieces at shops.

Inventory:

Hand Weapons
 a - the +9 sword of Zonguldrok (weapon) {reap}
   (You found it on level 6 of the Dungeon)

   If a monster killed with it leaves a corpse in good enough shape, the corpse
   will be animated as a zombie friendly to the killer.
 b - a +2 morningstar of draining
 d - a +0 mace
 J - a +0 blowgun
 K - a +3 broad axe of chopping
Missiles
 f - 61 curare-tipped needles
 l - 134 poisoned needles
Armour
 c - a +0 pair of gloves (worn)
 k - a +1 pair of boots (worn)
 p - a +1 cloak (worn)
 r - a +0 helmet (worn)
 I - the +1 plate armour of Objectivity (worn) {*Corrode rC+++ Slay+4}
   (You bought it in a shop on level 7 of the Dungeon)

   It affects your accuracy and damage with ranged weapons and melee attacks
   (+4).
   It renders you almost immune to cold.
   It may corrode you when you take damage.
Jewellery
 q - a ring of protection from fire (left hand)
Wands
 h - a wand of polymorph (11)
 t - a wand of paralysis (4)
 w - a wand of scattershot (3)
 E - a wand of flame (19)
Scrolls
 g - 3 scrolls of revelation
 i - a scroll of identify
 m - 3 scrolls of amnesia
 n - 6 scrolls of remove curse
 o - a scroll of enchant armour {unknown}
 y - 2 scrolls of fear
 F - a scroll of teleportation
Potions
 j - 4 potions of haste {unknown}
 s - 2 potions of curing {unknown}
 v - 2 potions of mutation {unknown}
 x - 2 potions of brilliance
 z - a potion of resistance
 B - a potion of ambrosia {unknown}
 C - a potion of lignification {unknown}
 D - 2 potions of flight {unknown}
 G - a potion of invisibility
 H - a potion of agility
Comestibles
 e - 15 rations {!d}


   Skills:
 * Level 5.3 Fighting
 * Level 5.1 Long Blades
 * Level 7.5(8.1) Axes
 + Level 4.4(6.6) Maces & Flails
 * Level 4.9 Armour
 * Level 6.6 Dodging
 + Level 5.0 Stealth
 * Level 4.9 Spellcasting


You had 18 spell levels left.
You didn't know any spells.
Your spell library contained the following spells:

 Spells                   Type           Power        Failure   Level  Hunger
 Summon Small Mammal      Summ           #...         63%         1    None
 Call Imp                 Summ           #.....       77%         2    None
 Call Canine Familiar     Summ           #.......     94%         3    ###....
 Summon Ice Beast         Ice/Summ       #.......     100%        4    #####..
 Summon Lightning Spire   Summ/Air       #.......     100%        5    ######.


Dungeon Overview and Level Annotations

Branches:
Dungeon (8/12)             Temple (0/1) D:6            Lair (1/6) D:7
    Orc (0/1) D:8

Altars:
Cheibriados
Fedhas
Gozag
Lugonu
Makhleb
Nemelex Xobeh
Ru
Vehumet
Xom
The Shining One

Shops:
D:4 *   D:7 [   D:8 (

Annotations:
D:5 3 runed translucent doors, iceDog's ghost, novice MiHu; tronn's ghost, amateur GnAc


Innate Abilities, Weirdness & Mutations

You have razor-sharp teeth.
Your system is resistant to poisons. (rPois)
Your natural rate of healing is unusually fast.
You have acidic saliva.
Potions cannot restore your health.
You are immune to rotting.
Your bites deal extra damage.


Message History

You hit the cane toad but do no damage.
The cane toad is lightly wounded.
You feel sick. The cane toad hits you!
* * * LOW HITPOINT WARNING * * *
The cane toad barely misses you.
No path to travel!
Okay, then.
Evoke which item? (* to show all) (? for menu, Esc to quit)
Aiming: Paralyse
Press: ? - help, Shift-Dir - straight line, f - cane toad
Aim: a cane toad (lightly wounded, chance to defeat MR: 49%)
The cane toad resists with some effort.
You feel sick. The cane toad completely misses you.
No path to travel!
Evoke which item? (* to show all) (? for menu, Esc to quit)
Aiming: Paralyse
Press: ? - help, Shift-Dir - straight line, f/p - cane toad
Aim: a cane toad (lightly wounded, chance to defeat MR: 49%)
The cane toad resists with some effort.
You feel sick. The cane toad hits you!
You die...

..≈≈≈≈≈.............##
..≈≈≈≈≈.........<...#
..≈≈≈≈..............#
.≈≈≈≈≈..............#
.≈≈≈≈≈..............#
.≈≈≈≈.....#######...#
≈≈≈≈≈88...# #...#
..........# #...#
.......@..# ...#
≈≈≈≈≈88F.## ≈≈≈≈.....#
≈≈≈≈...... ≈≈≈......##
≈≈≈......# ≈≈≈......#
≈≈........


You could see a cane toad.

Vanquished Creatures
  2 trolls (D:8)
  Grinder (D:3)
  A hippogriff (D:6)
  A wraith (Ossuary)
  Sigmund (D:4)
  2 basilisks (D:7)
  A hungry ghost (D:7)
  2 crocodiles
  3 porcupines
  A sky beast (D:4)
  3 orc warriors
  3 black bears
  2 ice beasts (D:6)
  3 wolves (D:7)
  2 ogres (D:5)
  4 bullfrogs
  4 kobold brigands
  4 centaurs
  4 wights (D:6)
  4 howler monkeys
  3 orc priests
  3 crimson imps
  4 bullfrog zombies
  3 hounds
  5 jellies
  A gnoll shaman (D:5)
  4 iguanas
  5 worker ants
  4 orc wizards
  A killer bee zombie (D:8)
  2 hound skeletons
  A mummy (Ossuary)
  Robin (D:3)
  5 gnolls (D:5)
  7 adders
  4 shadow imps
  5 oozes (D:8)
  2 adder skeletons (D:4)
  2 worms
  A dart slug (D:2)
  8 leopard geckos
  30 orcs
  A giant cockroach (D:3)
  13 hobgoblins
  19 jackals
  2 quokkas
  A ball python (D:2)
  2 bats (D:2)
  3 frilled lizards
  7 gnoll skeletons (Ossuary)
  6 goblins
  27 kobolds
  6 kobold skeletons (Ossuary)
  12 orc skeletons (Ossuary)
  8 rats
256 creatures vanquished.

Vanquished Creatures (collateral kills)
  A phantom (D:7)
  A wolf (D:7)
  A centaur (D:8)
  An orc wizard (D:8)
  A worker ant (D:8)
  A shadow imp (D:8)
  2 kobolds
8 creatures vanquished.

Vanquished Creatures (others)
  4 fungi (D:7)
  6 plants (D:7)
  2 withered plants (D:5)
12 creatures vanquished.

Grand Total: 276 creatures vanquished

Notes
Turn   | Place    | Note
-------+----------+-------------------------------------------
     0 | D:1      | Grimmash the Vine Stalker Archaeologist began the quest for
                  | the Orb.
     0 | D:1      | Reached XP level 1. HP: 11/11 MP: 2/2
   120 | D:1      | Reached skill level 1 in Maces & Flails
   126 | D:1      | Reached XP level 2. HP: 16/16 MP: 3/3
   176 | D:1      | Reached skill level 1 in Fighting
   426 | D:1      | Reached XP level 3. HP: 17/20 MP: 4/4
   974 | D:2      | Reached skill level 1 in Armour
  1001 | D:2      | Reached XP level 4. HP: 24/25 MP: 6/6
  1520 | D:3      | Reached skill level 1 in Spellcasting
  1599 | D:3      | Found a sacrificial altar of Ru.
  1646 | D:3      | Noticed Robin
  1674 | D:3      | Killed Robin
  1833 | D:3      | Noticed Grinder
  1861 | D:3      | Reached XP level 5. HP: 16/30 MP: 7/7
  1861 | D:3      | Identified a scroll of acquirement
  1861 | D:3      | Identified the ring of Xom's Malicious Joy {rElec rN+ SInv}
                  | (You acquired it on level 3 of the Dungeon)
  1907 | D:3      | Paralysed by Grinder for 2 turns
  1935 | D:3      | Killed Grinder
  1936 | D:3      | Reached skill level 1 in Axes
  1936 | D:3      | Gained mutation: You have razor-sharp teeth. [Vine Stalker
                  | growth]
  1936 | D:3      | Reached XP level 6. HP: 28/36 MP: 7/9
  2105 | D:3      | Found a sparkling altar of Nemelex Xobeh.
  2196 | D:3      | Found a shimmering altar of Xom.
  2196 | D:3      | Found a burning altar of Makhleb.
  2403 | D:3      | Found a radiant altar of Vehumet.
  2661 | D:4      | Reached XP level 7. HP: 38/40 MP: 10/10
  2697 | D:4      | Noticed Sigmund
  2707 | D:4      | Killed Sigmund
  2708 | D:4      | Reached skill level 2 in Axes
  2793 | D:4      | Reached skill level 5 in Stealth
  2840 | D:4      | Found Irasta Lile's Assorted Antiques.
  2942 | D:4      | Reached skill level 3 in Axes
  2989 | D:4      | Found a sparkling altar of Nemelex Xobeh.
  3143 | D:4      | Found a corrupted altar of Lugonu.
  3234 | D:5      | Entered Level 5 of the Dungeon
  3363 | D:5      | Gained mutation: You have acidic saliva. [Jungle Stalker
                  | growth]
  3363 | D:5      | Gained mutation: Your system is resistant to poisons.
                  | (rPois) [Jungle Stalker growth]
  3363 | D:5      | Reached XP level 8. HP: 36/46 MP: 11/12
  3373 | D:5      | Found a snail-covered altar of Cheibriados.
  3399 | D:5      | Became a worshipper of Cheibriados the Contemplative
  3472 | D:5      | Reached skill level 4 in Axes
  3472 | D:5      | Reached skill level 5 in Dodging
  3581 | D:5      | Found a runed translucent gate.
  3582 | D:5      | Found a runed translucent gate.
  3583 | D:5      | Found a runed translucent gate.
  3584 | D:5      | Noticed tronn's ghost (amateur GnAc)
  3585 | D:5      | Noticed iceDog's ghost (novice MiHu)
  4149 | D:6      | Found a sand-covered staircase.
  4157 | Ossuary  | Entered an ossuary
  4157 | Ossuary  | Noticed a wraith
  4157 | Ossuary  | Noticed a wraith
  4157 | Ossuary  | Noticed a wraith
  4206 | Ossuary  | Noticed a wraith
  4225 | Ossuary  | Killed a wraith
  4226 | Ossuary  | Reached skill level 5 in Axes
  4281 | Ossuary  | Reached * piety under Cheibriados
  4450 | D:6      | Found an opulent altar of Gozag.
  4452 | D:6      | Found a glowing golden altar of the Shining One.
  4454 | D:6      | Found a blossoming altar of Fedhas.
  4587 | D:6      | Reached XP level 9. HP: 51/52 MP: 14/14
  4643 | D:6      | Reached ** piety under Cheibriados
  4690 | D:6      | Found a staircase to the Ecumenical Temple.
  4710 | D:6      | Reached skill level 6 in Axes
  5286 | D:6      | Found the +9 sword of Zonguldrok {reap}
  5406 | D:7      | Reached *** piety under Cheibriados
  5454 | D:7      | Found a staircase to the Lair.
  5457 | D:7      | Reached skill level 1 in Long Blades
  5466 | D:7      | Reached skill level 7 in Axes
  5492 | D:7      | Reached XP level 10. HP: 32/58 MP: 17/17
  5644 | D:7      | Reached **** piety under Cheibriados
  5914 | D:7      | Found Bokas's Antique Armour Shoppe.
  5917 | D:7      | Identified the +9 hunting sling "Yzef" {velocity, rF+ rN+}
                  | (You acquired it on level 7 of the Dungeon)
  5917 | D:7      | Identified the +1 buckler of the Bells {rC+} (You acquired
                  | it on level 7 of the Dungeon)
  5917 | D:7      | Identified the ring "Jipom" {Ice Str+2} (You acquired it on
                  | level 7 of the Dungeon)
  5919 | D:7      | Bought a heavily runed plate armour for 924 gold pieces
  5929 | D:7      | Identified the +1 plate armour of Objectivity {*Corrode
                  | rC+++ Slay+4} (You bought it in a shop on level 7 of the
                  | Dungeon)
  6019 | D:7      | Got a polished hunting sling
  6137 | D:8      | Found a staircase to the Orcish Mines.
  6153 | D:8      | Reached skill level 5 in Fighting
  6645 | D:8      | Reached ***** piety under Cheibriados
  6836 | D:8      | Found Ymotri's Antique Weapon Emporium.
  6840 | D:8      | Bought a glowing morningstar for 182 gold pieces
  6841 | D:8      | Identified the +12 hunting sling of Callousness {speed, rC-
                  | Int+4 Dex+4} (You found it on level 7 of the Dungeon)
  6993 | D:8      | Reached skill level 5 in Long Blades
  7216 | Lair:1   | Entered Level 1 of the Lair of Beasts
  7272 | Lair:1   | Noticed a cane toad
  7280 | Lair:1   | Mangled by a cane toad

Skill      XL: |  1  2  3  4  5  6  7  8  9 10 |
---------------+-------------------------------+-----
Maces & Flails | 1 2 3 4 |  4.4
Fighting       | 1 2 3 4 5 |  5.3
Armour         | 1 2 3 4 |  4.9
Spellcasting   | 1 2 3 4 |  4.9
Dodging        | 4 5 6 |  6.6
Axes           | 1 3 5 7 |  7.5
Stealth        | 5 |  5.0
Long Blades    | 1 5 |  5.1

Action                   |  1- 3 |  4- 6 |  7- 9 | 10-12 || total
-------------------------+-------+-------+-------+-------++-------
Melee: Mace              |   107 |   118 |       |       ||   225
       Whip              |     2 |       |       |       ||     2
       Bite              |    11 |    15 |    21 |    18 ||    65
       Broad axe         |       |    58 |   176 |    17 ||   251
       Double sword      |       |       |    37 |   117 ||   154
       Morningstar       |       |       |       |    12 ||    12
 Fire: Blowgun           |       |     6 |       |       ||     6
Evoke: Wand              |       |       |       |     2 ||     2
  Use: Scroll            |       |     4 |    12 |     3 ||    19
       Potion            |       |     1 |       |       ||     1
 Stab: Sleeping          |     3 |     2 |     1 |       ||     6
  Eat: Chunk             |     4 |    12 |    14 |     8 ||    38
       Ration            |       |       |       |     1 ||     1
Armor: Robe              |    16 |       |       |       ||    16
       Scale mail        |    57 |   104 |    26 |       ||   187
       Chain mail        |       |       |   129 |    40 ||   169
       Plate armour      |       |       |       |    62 ||    62
Dodge: Dodged            |    82 |   137 |   146 |   124 ||   489
Block: Other             |       |       |       |     8 ||     8
